 Dungeon Crawl Stone Soup version 0.27-a0-1342-ga99462a43c (webtiles) character file.

Game seed: 14699285442772389628

831 HAL9000 the Covert (level 7, -2/36 HPs)
             Began as a Vine Stalker Brigand on June 27, 2021.
             Was a Follower of Uskayaw.
             Slain by a two-headed ogre (6 damage)
             ... on level 5 of the Dungeon.
             The game lasted 00:10:57 (4896 turns).

HAL9000 the Covert (Vine Stalker Brigand)           Turns: 4896, Time: 00:10:58

Health: -2/36      AC:  4    Str: 15    XL:     7   Next: 98%
Magic:  0/8        EV: 12    Int: 12    God:    Uskayaw [*.....]
Gold:   162        SH:  0    Dex: 23    Spells: 6/6 levels left

rFire    . . .     SeeInvis .   a - +2 dagger
rCold    . . .     Faith    .   (no shield)
rNeg     . . .     Spirit   +   y - +0 robe of Articulation {Dex+2}
rPois    .         Reflect  .   (no helmet)
rElec    .         Harm     .   c - +0 cloak
rCorr    .         Rampage  .   g - +0 pair of gloves
Will     .....                  (no boots)
Stlth    +++++.....             (no amulet)
HPRegen  1.12/turn              v - +6 ring of dexterity
MPRegen  0.11/turn              (no ring)

@: no status effects
A: fangs 2, regeneration 1, magic shield, antimagic bite, no potion heal 2
a: Renounce Religion, Stomp


You were on level 5 of the Dungeon.
You worshipped Uskayaw.
Uskayaw was noncommittal.
You visited 2 branches of the dungeon, and saw 6 of its levels.

You collected 162 gold pieces.

Inventory:

Hand Weapons
 a - a +2 dagger (weapon)
 w - a +0 rapier
Missiles
 d - 28 poisoned darts (quivered)
Armour
 c - a +0 cloak (worn)
 g - a +0 pair of gloves (worn)
 y - the +0 robe of Articulation (worn) {Dex+2}
   (You found it on level 5 of the Dungeon)

   It affects your dexterity (+2).
Jewellery
 v - a +6 ring of dexterity (left hand)
Scrolls
 h - a scroll of immolation
 i - a scroll of enchant armour {unknown}
 j - a scroll of silence {unknown}
 k - a scroll of brand weapon {unknown}
 l - a scroll of fog {unknown}
 o - a scroll of identify {unknown}
 p - a scroll of enchant weapon {unknown}
 r - a scroll of vulnerability {unknown}
 s - a scroll of teleportation {unknown}
 t - a scroll of noise {unknown}
 x - a scroll of fear {unknown}
Potions
 b - a potion of might
 f - 2 potions of lignification {unknown}
 m - a potion of magic {unknown}
 n - 3 potions of haste {unknown}
 q - 2 potions of curing {unknown}
 u - 2 potions of ambrosia {unknown}
 z - a potion of heal wounds {unknown}


   Skills:
 + Level 3.2 Fighting
 + Level 4.7 Short Blades
 - Level 3.1 Throwing
 - Level 0.7 Dodging
 - Level 9.0 Stealth


You had 6 spell levels left.
You didn't know any spells.
Your spell library was empty.

Dungeon Overview and Level Annotations

Branches:
Dungeon (5/15)             Temple (1/1) D:4

Altars:
Ashenzari
Cheibriados
Elyvilon
Fedhas
Gozag
Kikubaaqudgha
Nemelex Xobeh
Okawaru
Qazlal
Ru
Sif Muna
Trog
Uskayaw
Vehumet
Wu Jian
Yredelemnul
Zin
The Shining One

Annotations:
D:5 Menkaure


Innate Abilities, Weirdness & Mutations

You have extremely sharp teeth.
Your natural rate of healing is unusually fast.
When hurt, damage is shared between your health and your magic reserves.
Your bite disrupts and absorbs the magic of your enemies.
Potions cannot restore your health.


Message History

The two-headed ogre is severely wounded.
Things that are here:
a +0 spear; a gnoll skeleton
Things that are here:
a +0 leather armour; a +0 whip The two-headed ogre hits you with a +0 giant spiked club!!
Ouch! That really hurt!
* * * LOW HITPOINT WARNING * * *
The two-headed ogre misses you.
The two-headed ogre looks more healthy.
Throw: 30 darts (poison)
Press: ? - help, Q - select action, (/) - cycle Shift-Dir - straight line, f/p - two-headed ogre
Aim: a two-headed ogre, wielding a +0 giant spiked club and a +0 giant club (severely wounded, 78% to hit)
You throw a poisoned dart.
The poisoned dart hits the two-headed ogre.
The two-headed ogre is poisoned.
The two-headed ogre is severely wounded.
The two-headed ogre looks more healthy.
The two-headed ogre misses you. The two-headed ogre barely misses you.
Throw: 29 darts (poison)
Press: ? - help, Q - select action, (/) - cycle Shift-Dir - straight line, f/p - two-headed ogre
Aim: a two-headed ogre, wielding a +0 giant spiked club and a +0 giant club (severely wounded, 78% to hit)
You throw a poisoned dart.
The poisoned dart hits the two-headed ogre!
The two-headed ogre is poisoned.
The two-headed ogre is severely wounded.
You hit the two-headed ogre.
You bite the two-headed ogre, but do no damage.
The two-headed ogre is almost dead.
The two-headed ogre hits you with a +0 giant spiked club!
The two-headed ogre hits you with a +0 giant club!
* * * LOW HITPOINT WARNING * * *
You barely miss the two-headed ogre.
You bite the two-headed ogre, but do no damage.
The two-headed ogre is almost dead.
You hit the two-headed ogre but do no damage.
You bite the two-headed ogre. You drain its power.
You feel invigorated.
The two-headed ogre is almost dead.
The two-headed ogre hits you with a +0 giant spiked club!
You die...

..#######(##......
#.>......#...#
#########.#..# #
#.#(.########## #
#.#........(..# #
#....########.# #
####..#.##### #.# #
..........O.# ##.## #
#####.#.###@###.#.####.##.
# #.#.# #.<..###.......> #
#.#.# ##(##.#.########
###.# #.#.# #.###.## ....#
#.#.# #)# #.# ##### #.#(#
#.# #.# # #.#.####)###.#
##########.#..[.......#
).................#####


You could see a two-headed ogre (very poisoned).

Vanquished Creatures
  A sky beast (D:5)
  A necrophage (D:4)
  A black bear (D:4)
  An ogre (D:5)
  A phantom (D:3)
  Blork the orc (D:3)
  A howler monkey (D:4)
  A bullfrog skeleton (D:5)
  A centaur skeleton (D:5)
  A gnoll shaman (D:5)
  Terence (D:2)
  A hound zombie (D:5)
  7 gnolls
  2 adders (D:2)
  An adder zombie (D:4)
  A worm (D:5)
  2 dart slugs (D:4)
  7 orcs
  10 endoplasms
  4 giant cockroaches
  8 goblins
  9 hobgoblins
  2 jackals (D:2)
  3 quokkas
  6 ball pythons
  4 bats
  4 frilled lizards
  8 kobolds
  6 rats
96 creatures vanquished.

Vanquished Creatures (others)
  A bush (D:4)
  19 plants
20 creatures vanquished.

Grand Total: 116 creatures vanquished

Notes
Turn   | Place    | Note
-------+----------+-------------------------------------------
     0 | D:1      | HAL9000 the Vine Stalker Brigand began the quest for the
                  | Orb.
     0 | D:1      | Reached XP level 1. HP: 11/11 MP: 2/2
    66 | D:1      | Reached XP level 2. HP: 15/15 MP: 3/3
   864 | D:1      | Reached XP level 3. HP: 18/18 MP: 4/4
  1379 | D:1      | Found a faded altar of an unknown god.
  1814 | D:2      | Noticed Terence
  1875 | D:2      | Killed Terence
  1876 | D:2      | Gained mutation: Your natural rate of healing is unusually
                  | fast. [Vine Stalker growth]
  1876 | D:2      | Reached XP level 4. HP: 18/23 MP: 3/5
  2129 | D:2      | Reached skill level 5 in Stealth
  2726 | D:3      | Noticed a phantom
  2728 | D:3      | Killed a phantom
  2729 | D:3      | Reached skill level 6 in Stealth
  2729 | D:3      | Reached XP level 5. HP: 26/26 MP: 6/6
  2737 | D:3      | Found an ancient bone altar of Kikubaaqudgha.
  3367 | D:4      | Found a blossoming altar of Fedhas.
  3371 | D:4      | Noticed a necrophage
  3371 | D:4      | Noticed a necrophage
  3372 | D:4      | Noticed a necrophage
  3372 | D:4      | Noticed a necrophage
  3476 | D:4      | Found a staircase to the Ecumenical Temple.
  3484 | D:4      | Noticed a black bear
  3485 | D:4      | Noticed Blork the orc
  3527 | D:3      | Killed Blork the orc
  3528 | D:3      | Reached skill level 7 in Stealth
  3528 | D:3      | Reached XP level 6. HP: 11/30 MP: 4/7
  3738 | D:4      | Reached skill level 8 in Stealth
  3769 | D:4      | Killed a black bear
  3849 | Temple   | Entered the Ecumenical Temple
  4037 | Temple   | Became a worshipper of Uskayaw the Reveller
  4066 | D:5      | Entered Level 5 of the Dungeon
  4082 | D:5      | Noticed Menkaure
  4091 | D:5      | Reached * piety under Uskayaw
  4100 | D:4      | Reached ** piety under Uskayaw
  4231 | D:5      | Noticed a two-headed ogre
  4248 | D:4      | Reached skill level 9 in Stealth
  4248 | D:4      | Reached XP level 7. HP: 18/34 MP: 4/8
  4364 | D:5      | Identified the +0 robe of Articulation {Dex+2}
  4896 | D:5      | Slain by a two-headed ogre

Illustrated notes

Levels and vault maps discovered:
D:1:      onia_arrival_handbag, layout_basic,
          shapermc_ecumenical_altar_mp_vishouse
D:2:      layout_basic, corexii_item_surrounded_by_moat, uniq_terence
D:3:      layout_loops_ring, marbit_many_paths, lexackson_kobold_supper
D:4:      layout_rooms, fedhas_altar_decomposition, minmay_temple_entry_tees,
          minmay_pentomino_pile, uniq_blork_the_orc
D:5:      layout_loops_ring, kb_lookout_dungeons_type, uniq_menkaure
Temple:   eino_temple_scatter_basement

Skill      XL: |  1  2  3  4  5  6  7 |
---------------+----------------------+-----
Short Blades   | 2 3 4 |  4.7
Throwing       | 3 |  3.1
Stealth        | 6 7 9 |  9.0
Fighting       | 3 |  3.2
Dodging        | |  0.7

Action                   |  1- 3 |  4- 6 |  7- 9 || total
-------------------------+-------+-------+-------++-------
Melee: Dagger            |    94 |   138 |    59 ||   291
       Bite              |    30 |    41 |    35 ||   106
Throw: Dart              |     4 |    10 |    37 ||    51
  Use: Scroll            |       |     2 |       ||     2
 Stab: Sleeping          |     6 |     6 |     2 ||    14
Armor: Robe              |    20 |    39 |     8 ||    67
Dodge: Dodged            |    42 |    66 |    33 ||   141

Table legend: (Time is in decaauts)
 A = Elapsed time spent in this place.
 B = Non-inter-level travel time spent in this place.
 C = Inter-level travel time spent in this place.
 D = Time resting spent in this place.
 E = Time spent auto-exploring this place.
 F = Levels seen in this place.
 G = Mean time per level.
                   A        B        C        D        E       F      G
               +--------+--------+--------+--------+--------+-----+--------+
         Total |   4850 |   4680 |    170 |    910 |   2855 |   6 |  808.3 |
       Dungeon |   4649 |   4491 |    158 |    910 |   2697 |   5 |  929.8 |
        Temple |    200 |    188 |     12 |      0 |    158 |   1 |  200.0 |
               +--------+--------+--------+--------+--------+-----+--------+

Top non-repeatable levels by time:
     D:1: 1391 daAuts
     D:4: 987 daAuts
     D:2: 917 daAuts
     D:3: 892 daAuts
     D:5: 461 daAuts
  Temple: 200 daAuts
